 Dungeon Crawl Stone Soup version 0.29.1-4-g47bece8355 (webtiles) character file.

Game seed: 17054724710269447447

445 iamoutofideas the Cleaver (level 7, 0/59 HPs)
             Began as a Hill Orc Monk on Dec 8, 2022.
             Was a Believer of Makhleb.
             Killed by nerve-wracking pain
             ... invoked by an orc priest
              (11 damage)
             ... on level 5 of the Dungeon.
             The game lasted 00:05:03 (4902 turns).

iamoutofideas the Cleaver (Hill Orc Monk)           Turns: 4902, Time: 00:05:04

Health: 0/59       AC:  5    Str: 16      XL:     7   Next: 3%
Magic:  7/7        EV: 12    Int: 10      God:    Makhleb [**....]
Gold:   231        SH:  0    Dex:  8 (13) Spells: 6/6 levels left

rFire   . . .      SeeInvis .   a - +1 hand axe
rCold   . . .      Faith    .   (no shield)
rNeg    . . .      Spirit   .   f - +0 leather armour
rPois   .          Reflect  .   r - +0 helmet
rElec   .          Harm     .   o - scarf {repulsion}
rCorr   .          Rampage  .   m - +0 pair of gloves
Will    .....                   (no boots)
Stlth   +.........              e - amulet of regeneration
HPRegen 0.99/turn               (no ring)
MPRegen 0.10/turn               (no ring)

@: repel missiles
A: no striking features
a: Renounce Religion, Convert to Beogh, Minor Destruction


You were on level 5 of the Dungeon.
You worshipped Makhleb.
Makhleb was pleased with you.
You visited 2 branches of the dungeon, and saw 6 of its levels.

You collected 231 gold pieces.

Inventory:

Hand Weapons
 a - a +1 hand axe (weapon)
Armour
 f - a +0 leather armour (worn)
 m - a +0 pair of gloves (worn)
 o - a scarf of repulsion (worn)
 r - a +0 helmet (worn)
Jewellery
 e - an amulet of regeneration (around neck)
Scrolls
 b - a scroll of butterflies {unknown}
 g - 3 scrolls of teleportation {unknown}
 h - 2 scrolls of enchant armour
 n - 3 scrolls of immolation
Potions
 c - a potion of ambrosia
 d - a potion of magic {unknown}
 i - a potion of curing
 j - 2 potions of resistance
 k - a potion of heal wounds
 l - 2 potions of might {unknown}
 p - a potion of degeneration {unknown}
 q - a potion of berserk rage {unknown}


   Skills:
 - Level 4.2 Fighting
 + Level 9.1 Axes
 - Level 3.1 Dodging
 - Level 1.8 Stealth


You had 6 spell levels left.
You didn't know any spells.
Your spell library contained the following spells:

 Spells                   Type           Power      Damage    Failure   Level
 Gell's Gravitas          Tloc           0%         N/A       80%         3
 Lesser Beckoning         Tloc           0%         N/A       80%         3
 Portal Projectile        Hex/Tloc       0%         N/A       80%         3
 Teleport Other           Tloc           0%         N/A       80%         3
 Tukima's Dance           Hex            0%         N/A       80%         3
 Blade Hands              Tmut           0%         N/A       100%        5


Dungeon Overview and Level Annotations

Branches:
Dungeon (5/15)             Temple (1/1) D:5

Altars:
Ashenzari
Dithmenos
Elyvilon
Gozag
Kikubaaqudgha
Makhleb
Qazlal
Ru
Trog
Vehumet
Wu Jian
Yredelemnul
Zin

Annotations:
D:5 Eustachio


Message History

You are too injured to fight recklessly!
You closely miss the orc priest. You hit the orc priest.
You closely miss the orc.
The orc priest shouts, "Join the one true god or die!"
The orc priest hits you but does no damage.
The orc priest misses you. The orc barely misses you.
You barely miss the orc priest. You hit the orc priest.
You barely miss the orc.
Unknown command.
The orc priest shouts, "Beogh is our master!
Accept the truth or die!"
You slash the orc priest!
The orc priest is heavily wounded.
You hit the orc. You hit the orc priest.
The orc priest hits you with a +0 dagger.
The orc priest hits you but does no damage.
The orc hits you but does no damage.
The orc priest shouts, "Join the one true god or die!"
Unknown command.
The orc priest shouts, "Beogh is our master!
Accept the truth or die!"
You hit the orc priest but do no damage.
The orc priest is heavily wounded.
You hit the orc priest. You closely miss the orc.
The orc priest shouts, "Beogh is our master!
Accept the truth or die!"
The orc priest shouts, "Surrender to Beogh and we'll let you live!"
The orc priest closely misses you.
The orc priest mumbles some strange prayers to Beogh against you.
Beogh smites you!
* * * LOW HITPOINT WARNING * * *
The orc barely misses you.
Unknown command.
You hit the orc priest.
The orc priest is almost dead.
You hit the orc priest.
The orc priest shouts, "Beogh is our master!
Accept the truth or die!"
You closely miss the orc.
The orc priest shouts, "Beogh is our master!
Accept the truth or die!"
The orc priest hits you but does no damage.
The orc priest calls down the wrath of Beogh upon you.
Pain shoots through your body!
You die...

######... ###### .#
#........ ...... #.#
#........ .$... #.#
#........
....##.#######........
####>.......5..[........
.........#######........
#..oo)...............
##o@.............(..
#.............###...
#.###'###.....# #...
#.#.....#.....# #... .
#.#'#.#.....# #... $.
+.#>#.'..#### #... ..
#.###.##.# #### .##
#.....##.# ...
###'####.### ....


You could see 2 orc priests and an orc.

Vanquished Creatures
  2 ice beasts (D:5)
  A black bear (D:5)
  An orc priest (D:5)
  An iguana (D:5)
  An adder (D:2)
  A shadow imp (D:5)
  An ufetubus (D:5)
  8 orcs
  6 ball pythons
  5 bats
  7 endoplasms
  4 giant cockroaches
  8 goblins
  11 hobgoblins
  2 jackals (D:2)
  9 kobolds
  A quokka (D:4)
  3 frilled lizards
  7 rats
  A spectral orc (D:3)
80 creatures vanquished.

Vanquished Creatures (others)
  5 plants (D:2)
5 creatures vanquished.

Grand Total: 85 creatures vanquished

Notes
Turn   | Place    | Note
-------+----------+-------------------------------------------
     0 | D:1      | iamoutofideas the Hill Orc Monk began the quest for the
                  | Orb.
     0 | D:1      | Reached XP level 1. HP: 19/19 MP: 1/1
     3 | D:1      | You fall into a shaft and drop 1 floor!
     3 | D:2      | Found a faded altar of an unknown god.
    62 | D:2      | Reached XP level 2. HP: 21/27 MP: 2/2
   825 | D:1      | Reached XP level 3. HP: 23/33 MP: 3/3
  2207 | D:2      | Reached XP level 4. HP: 39/40 MP: 4/4
  2597 | D:3      | Noticed an earth elemental
  2599 | D:3      | Found a stormy altar of Qazlal.
  2601 | D:3      | Noticed a water elemental
  2601 | D:3      | Noticed a fire elemental
  2601 | D:3      | Noticed an air elemental
  2641 | D:3      | Reached skill level 5 in Axes
  2988 | D:3      | Found an ornate altar of the Wu Jian Council.
  3123 | D:3      | Found a basalt altar of Yredelemnul.
  3644 | D:4      | Found a shadowy altar of Dithmenos.
  3991 | D:5      | Entered Level 5 of the Dungeon
  4029 | D:5      | Noticed an ice beast
  4051 | D:5      | Killed an ice beast
  4052 | D:5      | Reached skill level 7 in Axes
  4052 | D:5      | Reached XP level 5. HP: 24/46 MP: 5/5
  4267 | D:5      | Reached XP level 6. HP: 18/52 MP: 6/6
  4330 | D:5      | Noticed a black bear
  4338 | D:5      | Noticed an ice beast
  4358 | D:5      | Killed a black bear
  4359 | D:5      | Reached skill level 8 in Axes
  4423 | D:5      | Killed an ice beast
  4482 | D:5      | Found a bloodstained altar of Trog.
  4584 | D:5      | Found a staircase to the Ecumenical Temple.
  4598 | D:5      | Noticed Eustachio
  4819 | Temple   | Entered the Ecumenical Temple
  4878 | Temple   | Became a worshipper of Makhleb the Destroyer
  4878 | Temple   | Reached * piety under Makhleb
  4878 | Temple   | Reached ** piety under Makhleb
  4897 | D:5      | Reached skill level 9 in Axes
  4897 | D:5      | Reached XP level 7. HP: 40/59 MP: 7/7
  4902 | D:5      | Killed from afar by an orc priest

Illustrated notes

Levels and vault maps discovered:
D:1:      erik_arrival_orb_chamber, layout_loops_ring
D:2:      layout_rooms, chequers_ecumenical_altar_island, serial_forest,
          infiniplex_forest_clump_large, infiniplex_forest_zigzag_2,
          infiniplex_forest_lined_corner, infiniplex_forest_clump_small,
          infiniplex_forest_fountain, infiniplex_forest_clump_diagonal,
          infiniplex_forest_lined_1, infiniplex_forest_lined_room_3,
          infiniplex_forest_clump_tiny
D:3:      layout_basic, nzn_wu_jian_contemplation,
          nicolae_qazlal_style_of_elements, yredelemnul_forgotten_temple_becter
D:4:      layout_cave_pools, nicolae_dithmenos_through_a_glass_darkly
D:5:      layout_basic, amcnicky_altar_gilded, minmay_temple_entry_glassed_door,
          uniq_eustachio
Temple:   hellmonk_temple_of_storms

Skill      XL: |  1  2  3  4  5  6 |
---------------+-------------------+-----
Dodging        | 3 |  3.1
Fighting       | 4 |  4.2
Axes           | 7 9 |  9.1
Stealth        | |  1.8

Action                   |  1- 3 |  4- 6 |  7- 9 || total
-------------------------+-------+-------+-------++-------
Melee: Hand axe          |   160 |   185 |     6 ||   351
       Punch             |     3 |     1 |       ||     4
  Use: Potion            |     3 |       |       ||     3
       Scroll            |       |     8 |       ||     8
 Stab: Sleeping          |     5 |     1 |       ||     6
Armor: Robe              |    35 |       |       ||    35
       Leather armour    |       |    80 |     5 ||    85
Dodge: Dodged            |   103 |   146 |     4 ||   253
